General information
- name: BNet
- type: Ladder team game (AT/RT)
- host: Battle.net
- saver: HitIer
map: GoldRush
- players: 8
- length: 51:21
- speed: Fast
- version: 1.26 W3XP
- replay type: Public
» download(292 KB)
Players
team 1 (loser)
Simon129 (
red | 57 APM | 1825 actions | 31:58)
4 Death Knight
2 Death Coil
2 Unholy Aura
2 Lich
1 Frost Nova
1 Frost Armor
4 Dreadlord
3 Sleep
1 Vampiric Aura
» actions
| Assign group hotkey | 78 | |
| Basic commands | 13 | |
| Build / train | 64 | |
| Enter build submenu | 40 | |
| Enter hero's abilities submenu | 10 | |
| Give item / drop item | 6 | |
| Remove unit from queue | 7 | |
| Right click | 745 | |
| Select / deselect | 438 | |
| Select group hotkey | 347 | |
| Use ability | 76 | |
1825 total
» units
| Acolyte | 14 | |
| Ghoul | 5 | |
| Frost Wyrm | 3 | |
22 total
» upgrades
| Creature Attack | 3 | |
| Creature Carapace | 3 | |
| Freezing Breath | 1 | |
7 total
» buildings
| Ziggurat | 14 | |
| Altar of Darkness | 3 | |
| Crypt | 1 | |
| Tomb of Relics | 1 | |
| Nerubian Tower | 4 | |
| Graveyard | 2 | |
| Halls of the Dead | 1 | |
| Spirit Tower | 2 | |
| Sacrificial Pit | 1 | |
| Black Citadel | 1 | |
| Boneyard | 3 | |
| Necropolis | 1 | |
34 total
» build order
00:27 Ziggurat
00:32 Altar of Darkness
00:55 Crypt
01:18 Ziggurat
01:53 Tomb of Relics
02:04 Nerubian Tower
02:47 Nerubian Tower
04:58 Graveyard
05:41 Ziggurat
05:44 Halls of the Dead
05:47 Ziggurat
06:13 Ziggurat
06:16 Ziggurat
06:52 Spirit Tower
07:20 Ziggurat
07:22 Ziggurat
07:25 Nerubian Tower
08:15 Sacrificial Pit
08:20 Spirit Tower
09:02 Black Citadel
11:53 Boneyard
13:14 Boneyard
13:18 Boneyard
20:00 Ziggurat
23:22 Necropolis
23:26 Altar of Darkness
24:23 Altar of Darkness
24:26 Ziggurat
24:28 Ziggurat
24:34 Ziggurat
24:35 Ziggurat
24:40 Graveyard
25:21 Nerubian Tower
26:02 Ziggurat
» items
| Rod of Necromancy | 2 | |
| Orb of Corruption | 3 | |
| Scroll of Town Portal | 1 | |
| Boots of Speed | 1 | |
| Periapt of Vitality | 1 | |
| Circlet of Nobility | 1 | |
9 total
Centar (
teal | 0 APM | 0 actions | 18:50)
SupaFly714 (
purple | 55 APM | 1759 actions | 31:46)
5 Keeper of the Grove
3 Entangling Roots
2 Thorns Aura
3 Priestess of the Moon
1 Searing Arrows
2 Trueshot Aura
» actions
| Assign group hotkey | 53 | |
| Basic commands | 333 | |
| Build / train | 88 | |
| Enter build submenu | 27 | |
| Enter hero's abilities submenu | 8 | |
| Remove unit from queue | 5 | |
| Right click | 260 | |
| Select / deselect | 296 | |
| Select group hotkey | 621 | |
| Use ability | 68 | |
1759 total
» units
| Wisp | 20 | |
| Archer | 21 | |
| Hippogryph | 9 | |
| Druid of the Talon | 1 | |
| Dryad | 2 | |
53 total
» upgrades
| Strength of the Moon | 2 | |
| Improved Bows | 1 | |
| Hippogryph Taming | 1 | |
| Moon Armor | 1 | |
5 total
» buildings
| Altar of Elders | 1 | |
| Moon Well | 8 | |
| Hunter's Hall | 1 | |
| Ancient Protector | 3 | |
| Ancient of War | 1 | |
| Tree of Ages | 2 | |
| Tree of Life | 3 | |
| Ancient of Wind | 2 | |
| Ancient of Wonders | 2 | |
| Ancient of Lore | 2 | |
25 total
» build order
00:13 Altar of Elders
00:38 Moon Well
01:11 Hunter's Hall
01:58 Moon Well
02:24 Moon Well
02:34 Ancient Protector
02:52 Ancient of War
03:15 Ancient Protector
04:33 Tree of Ages
04:33 Tree of Ages
06:18 Moon Well
07:03 Tree of Life
07:17 Ancient of Wind
07:59 Ancient of Wind
08:39 Ancient of Wonders
10:12 Moon Well
11:20 Ancient of Lore
12:13 Tree of Life
17:06 Tree of Life
17:37 Moon Well
19:48 Ancient of Lore
20:56 Ancient of Wonders
23:31 Ancient Protector
24:57 Moon Well
25:01 Moon Well
» items
| Scroll of Regeneration | 1 | |
| Scroll of Town Portal | 3 | |
| Potion of Lesser Invulnerability | 1 | |
5 total
HitIer (
orange | 78 APM | 4004 actions | 51:21)
9 Archmage
3 Summon Water Elemental
3 Brilliance Aura
1 Mass Teleport
2 Blizzard
» actions
| Assign group hotkey | 67 | |
| Basic commands | 80 | |
| Build / train | 171 | |
| ESC pressed | 9 | |
| Enter build submenu | 86 | |
| Enter hero's abilities submenu | 9 | |
| Give item / drop item | 10 | |
| Right click | 1515 | |
| Select / deselect | 714 | |
| Select group hotkey | 1106 | |
| Use ability | 237 | |
4004 total
» units
| Peasant | 37 | |
| Footman | 17 | |
| Gryphon Rider | 5 | |
| Dragonhawk Rider | 13 | |
72 total
» upgrades
| Defend | 1 | |
| Masonry | 3 | |
| Swords | 3 | |
| Armor | 3 | |
| Lumber Harvesting | 2 | |
| Animal War Training | 1 | |
| Storm Hammers | 1 | |
| Cloud | 1 | |
| Magic Sentry | 1 | |
| Sorceress Training | 2 | |
| Priest Training | 2 | |
| Control Magic | 1 | |
| Backpack | 1 | |
| Plating | 1 | |
| Gunpowder | 1 | |
| Long Rifles | 1 | |
25 total
» buildings
| Altar of Kings | 2 | |
| Farm | 20 | |
| Barracks | 1 | |
| Lumber Mill | 1 | |
| Scout Tower | 45 | |
| Town Hall | 5 | |
| Guard Tower | 24 | |
| Arcane Vault | 1 | |
| Keep | 5 | |
| Arcane Tower | 1 | |
| Blacksmith | 1 | |
| Castle | 2 | |
| Gryphon Aviary | 6 | |
| Arcane Sanctum | 1 | |
115 total
» build order
00:03 Altar of Kings
00:08 Farm
00:22 Barracks
00:54 Farm
01:38 Farm
02:08 Lumber Mill
03:16 Scout Tower
03:18 Scout Tower
03:20 Scout Tower
03:24 Farm
04:05 Town Hall
04:18 Guard Tower
04:18 Guard Tower
04:30 Guard Tower
04:30 Guard Tower
05:11 Arcane Vault
05:54 Scout Tower
06:12 Keep
06:12 Keep
06:12 Keep
06:54 Arcane Tower
06:59 Blacksmith
07:37 Scout Tower
08:35 Castle
08:39 Gryphon Aviary
08:42 Guard Tower
08:44 Gryphon Aviary
09:53 Scout Tower
09:53 Scout Tower
10:26 Guard Tower
11:01 Farm
11:16 Town Hall
11:18 Scout Tower
11:19 Scout Tower
11:20 Scout Tower
11:52 Guard Tower
12:37 Guard Tower
12:39 Guard Tower
13:00 Gryphon Aviary
13:06 Gryphon Aviary
13:09 Scout Tower
13:20 Scout Tower
13:21 Scout Tower
13:23 Scout Tower
14:04 Guard Tower
14:30 Scout Tower
14:31 Scout Tower
14:34 Scout Tower
14:38 Guard Tower
15:05 Guard Tower
15:06 Guard Tower
15:51 Guard Tower
17:40 Farm
17:42 Farm
18:41 Scout Tower
18:43 Scout Tower
18:46 Scout Tower
18:50 Scout Tower
18:52 Scout Tower
19:11 Scout Tower
19:12 Scout Tower
19:13 Scout Tower
19:15 Scout Tower
19:16 Scout Tower
19:20 Scout Tower
19:23 Town Hall
19:50 Guard Tower
20:03 Guard Tower
20:12 Guard Tower
22:18 Scout Tower
22:19 Scout Tower
22:24 Scout Tower
22:28 Scout Tower
23:34 Guard Tower
24:24 Arcane Sanctum
27:13 Scout Tower
27:13 Scout Tower
28:26 Scout Tower
28:27 Scout Tower
28:30 Scout Tower
28:31 Scout Tower
28:31 Scout Tower
28:59 Guard Tower
29:00 Guard Tower
29:02 Guard Tower
29:05 Town Hall
30:38 Scout Tower
30:42 Scout Tower
30:46 Scout Tower
30:48 Scout Tower
30:55 Scout Tower
30:56 Scout Tower
31:08 Guard Tower
31:09 Guard Tower
31:22 Guard Tower
33:54 Keep
33:59 Gryphon Aviary
34:02 Gryphon Aviary
34:51 Altar of Kings
35:57 Farm
36:16 Farm
36:40 Castle
41:45 Farm
41:49 Farm
42:20 Farm
42:24 Farm
42:28 Farm
45:30 Farm
45:34 Farm
46:05 Farm
46:08 Farm
47:32 Farm
47:36 Farm
50:57 Town Hall
» items
| Scroll of Regeneration | 14 | |
| Scroll of Town Portal | 4 | |
| Mechanical Critter | 2 | |
| Lesser Clarity Potion | 3 | |
| Potion of Healing | 7 | |
| Scroll of Healing | 2 | |
32 total
team 2 (winner)
tomkill (
green | 2 APM | 74 actions | 32:00)

»
maman (
pink | 83 APM | 3851 actions | 46:20)
8 Keeper of the Grove
2 Force of Nature
3 Entangling Roots
2 Thorns Aura
1 Tranquility
6 Priestess of the Moon
2 Searing Arrows
3 Trueshot Aura
1 Starfall
» actions
| Assign group hotkey | 94 | |
| Basic commands | 101 | |
| Build / train | 91 | |
| ESC pressed | 1 | |
| Enter build submenu | 19 | |
| Enter hero's abilities submenu | 14 | |
| Give item / drop item | 4 | |
| Right click | 2156 | |
| Select / deselect | 579 | |
| Select group hotkey | 673 | |
| Use ability | 116 | |
3851 total
» units
| Wisp | 26 | |
| Archer | 8 | |
| Huntress | 2 | |
| Dryad | 12 | |
| Mountain Giant | 2 | |
50 total
» upgrades
| Abolish Magic | 1 | |
| Strength of the Wild | 3 | |
| Reinforced Hides | 3 | |
| Druid of the Talon Training | 1 | |
| Hardened Skin | 1 | |
| Resistant Skin | 1 | |
| Ultravision | 1 | |
| Well Spring | 1 | |
| Nature's Blessing | 1 | |
| Druid of the Claw Training | 1 | |
| Improved Bows | 1 | |
| Marksmanship | 1 | |
| Strength of the Moon | 1 | |
17 total
» buildings
| Altar of Elders | 1 | |
| Moon Well | 7 | |
| Ancient of War | 2 | |
| Hunter's Hall | 1 | |
| Tree of Ages | 1 | |
| Ancient Protector | 1 | |
| Tree of Life | 2 | |
| Ancient of Lore | 2 | |
| Ancient of Wonders | 1 | |
| Tree of Eternity | 1 | |
| Ancient of Wind | 2 | |
21 total
» build order
00:12 Altar of Elders
00:21 Moon Well
01:04 Ancient of War
01:37 Moon Well
02:51 Ancient of War
02:57 Hunter's Hall
03:41 Moon Well
04:22 Tree of Ages
04:46 Moon Well
05:16 Ancient Protector
06:02 Moon Well
06:30 Tree of Life
07:29 Ancient of Lore
07:52 Moon Well
08:06 Ancient of Wonders
08:44 Tree of Eternity
09:36 Ancient of Wind
10:17 Ancient of Lore
15:01 Moon Well
24:08 Ancient of Wind
39:29 Tree of Life
» items
| Scroll of Town Portal | 5 | |
| Orb of Venom | 1 | |
6 total
My3HerosPown (
blue | 40 APM | 2051 actions | 50:53)
6 Demon Hunter
2 Immolation
3 Evasion
1 Metamorphosis
4 Keeper of the Grove
1 Force of Nature
1 Thorns Aura
2 Entangling Roots
4 Priestess of the Moon
2 Searing Arrows
2 Trueshot Aura
» actions
| Assign group hotkey | 81 | |
| Basic commands | 198 | |
| Build / train | 243 | |
| ESC pressed | 49 | |
| Enter build submenu | 42 | |
| Enter hero's abilities submenu | 15 | |
| Give item / drop item | 9 | |
| Remove unit from queue | 3 | |
| Right click | 314 | |
| Select / deselect | 495 | |
| Select group hotkey | 387 | |
| Use ability | 215 | |
2051 total
» units
| Wisp | 115 | |
| Druid of the Talon | 1 | |
| Hippogryph | 27 | |
| Chimaera | 14 | |
157 total
» upgrades
| Ultravision | 1 | |
| Strength of the Wild | 3 | |
| Reinforced Hides | 4 | |
| Nature's Blessing | 1 | |
| Well Spring | 1 | |
| Druid of the Talon Training | 2 | |
| Mark of the Talon | 1 | |
| Corrosive Breath | 1 | |
14 total
» buildings
| Moon Well | 9 | |
| Altar of Elders | 1 | |
| Ancient of Wonders | 1 | |
| Hunter's Hall | 2 | |
| Ancient Protector | 9 | |
| Tree of Life | 18 | |
| Tree of Ages | 6 | |
| Tree of Eternity | 5 | |
| Ancient of Wind | 2 | |
| Chimaera Roost | 2 | |
55 total
» build order
00:38 Moon Well
00:42 Altar of Elders
01:21 Ancient of Wonders
02:06 Hunter's Hall
02:17 Moon Well
03:05 Moon Well
03:06 Moon Well
03:22 Moon Well
03:40 Ancient Protector
04:09 Tree of Life
04:30 Ancient Protector
06:06 Hunter's Hall
06:11 Tree of Ages
06:11 Tree of Ages
06:11 Tree of Ages
06:12 Tree of Ages
06:42 Tree of Life
07:46 Ancient Protector
08:07 Tree of Life
08:32 Tree of Eternity
08:32 Tree of Eternity
08:33 Tree of Eternity
09:32 Ancient of Wind
09:33 Ancient of Wind
09:37 Moon Well
09:39 Moon Well
10:09 Tree of Life
10:40 Moon Well
10:43 Moon Well
11:35 Tree of Life
12:16 Tree of Life
13:39 Tree of Life
14:42 Chimaera Roost
14:46 Chimaera Roost
15:21 Tree of Life
15:29 Ancient Protector
15:30 Ancient Protector
15:33 Ancient Protector
15:33 Ancient Protector
15:45 Ancient Protector
17:09 Ancient Protector
17:38 Tree of Life
20:37 Tree of Life
22:18 Tree of Life
22:20 Tree of Life
25:36 Tree of Life
27:04 Tree of Life
28:02 Tree of Life
31:07 Tree of Life
31:48 Tree of Life
32:22 Tree of Life
» items
| Moonstone | 9 | |
| Lesser Clarity Potion | 3 | |
| Staff of Teleportation | 3 | |
| Healing Salve | 1 | |
| Potion of Healing | 3 | |
| Staff of Preservation | 3 | |
| Potion of Lesser Invulnerability | 5 | |
| Orb of Venom | 1 | |
| Scroll of Town Portal | 5 | |
| Scroll of Healing | 4 | |
| Orb of Lightning | 1 | |
| Scroll of Protection | 2 | |
40 total
NigNog (
yellow | 70 APM | 3606 actions | 51:21)
9 Blademaster
3 Wind Walk
3 Critical Strike
1 Bladestorm
2 Mirror Image
» actions
| Assign group hotkey | 103 | |
| Basic commands | 374 | |
| Build / train | 79 | |
| Enter build submenu | 64 | |
| Enter hero's abilities submenu | 10 | |
| Give item / drop item | 10 | |
| Remove unit from queue | 2 | |
| Right click | 1551 | |
| Select / deselect | 427 | |
| Select group hotkey | 710 | |
| Use ability | 276 | |
3606 total
» units
| Peon | 23 | |
| Grunt | 6 | |
| Troll Batrider | 5 | |
| Wind Rider | 5 | |
39 total
» upgrades
| Armor | 3 | |
| Pillage | 1 | |
| Melee Weapons | 3 | |
| Troll Regeneration | 1 | |
| Ranged Weapons | 3 | |
| Reinforced Defenses | 1 | |
| Liquid Fire | 1 | |
| Envenomed Spears | 1 | |
14 total
» buildings
| Orc Burrow | 5 | |
| Altar of Storms | 1 | |
| Barracks | 1 | |
| Voodoo Lounge | 1 | |
| Great Hall | 5 | |
| War Mill | 3 | |
| Stronghold | 1 | |
| Watch Tower | 44 | |
| Fortress | 1 | |
| Beastiary | 7 | |
69 total
» build order
00:35 Orc Burrow
01:00 Altar of Storms
01:00 Barracks
01:17 Orc Burrow
02:15 Voodoo Lounge
03:32 Great Hall
03:39 Orc Burrow
04:30 War Mill
05:24 Stronghold
06:02 Watch Tower
06:04 Watch Tower
06:06 Watch Tower
08:21 Great Hall
10:24 Watch Tower
10:24 Watch Tower
10:24 Watch Tower
10:25 Watch Tower
10:25 Watch Tower
10:26 Watch Tower
10:27 Watch Tower
10:28 Watch Tower
10:28 Watch Tower
14:20 Fortress
15:23 Great Hall
17:23 Watch Tower
17:23 Watch Tower
17:23 Watch Tower
17:24 Watch Tower
17:24 Watch Tower
17:25 Watch Tower
17:26 Watch Tower
17:27 Watch Tower
17:27 Watch Tower
17:29 Watch Tower
17:30 Watch Tower
17:34 Watch Tower
17:39 War Mill
21:26 Great Hall
21:34 Watch Tower
21:34 Watch Tower
21:34 Watch Tower
21:35 Watch Tower
21:35 Watch Tower
21:36 Watch Tower
21:36 Watch Tower
21:38 Watch Tower
21:45 Watch Tower
21:46 Watch Tower
21:48 Watch Tower
22:47 Watch Tower
22:47 Watch Tower
22:48 Watch Tower
22:48 Watch Tower
22:49 Watch Tower
23:40 Beastiary
23:41 Beastiary
23:46 Beastiary
23:46 Beastiary
23:50 Beastiary
23:54 Beastiary
23:58 Beastiary
26:00 Orc Burrow
27:08 War Mill
27:54 Great Hall
34:28 Orc Burrow
» items
| Healing Salve | 2 | |
| Boots of Speed | 1 | |
| Periapt of Vitality | 2 | |
| Circlet of Nobility | 1 | |
| Potion of Healing | 1 | |
| Potion of Mana | 1 | |
| Lesser Clarity Potion | 1 | |
| Orb of Lightning | 1 | |
| Scroll of Town Portal | 1 | |
| Staff of Teleportation | 1 | |
12 total
Chat log
(00:04 / Allies) SupaFly714: bye tom
(00:14 / All) HitIer: I SAID I WANT A GLASS OF JUICE
(00:16 / All) HitIer: NOT GAS THE JEWS!
(00:33 / All) SupaFly714: pussy juice?
(00:37 / All) HitIer: THE FLAG RAISED HIGH! THE RANKS FIRMLY CLOSED!
(00:46 / All) HitIer: THE SA MARCH WITH FIRM, BOLD STEP!
(01:01 / Allies) SupaFly714: give him a few minutes
(01:23 / Allies) Simon129: rush?
(01:26 / Allies) HitIer: I will use him as an expo
(01:28 / Allies) Simon129: going fiends
(01:30 / Allies) HitIer: no, rushes are gay
(01:40 / Allies) SupaFly714: we cant rush 1 down
(01:44 / Allies) HitIer: yeah
(01:46 / Allies) SupaFly714: go scout then
(02:18 / Allies) Simon129: then i tower to frost
(05:17 / Allies) SupaFly714: u fuckin rush now or we lose
(05:23 / Allies) Simon129: ???
(05:28 / Allies) HitIer: stfu
(05:29 / Allies) HitIer: expo
(05:32 / Allies) HitIer: get eco advantage
(05:32 / Allies) SupaFly714: \greeen is afk
(05:40 / Allies) SupaFly714: green is afk helllooooo
(05:40 / Allies) HitIer: who cares, rushes suck
(06:03 / Allies) SupaFly714: rushes suck
(06:06 / Allies) HitIer: yep
(08:56 / Allies) SupaFly714: simon
(09:09 / Allies) Simon129: ya? :D
(11:37 / All) HitIer: you suck ass, nice detonate
(11:38 / All) HitIer: faggot
(14:18 / Allies) Simon129: need wood
(14:32 / Allies) SupaFly714: make ghols
(14:35 / Allies) Simon129: ty
(15:24 / Allies) SupaFly714: simon gold me now
(15:39 / Allies) SupaFly714: sinone
(16:30 / Allies) SupaFly714: gg
(16:40 / Allies) HitIer: not over yet
(16:44 / Allies) Simon129: we win
(16:45 / Allies) Simon129: tp?
(16:51 / Allies) HitIer: I can't do shit to that with gryphons
(16:55 / Allies) HitIer: magic immune
(16:56 / Allies) SupaFly714: then tp stupid ass frost
(16:57 / Allies) HitIer: but ok
(16:58 / Allies) HitIer: one sec
(17:05 / Allies) Simon129: i tped
(18:47 / Allies) SupaFly714: come with me red
(18:48 / Allies) SupaFly714: bring froo
(19:29 / All) NigNog: :>
(19:43 / All) HitIer: sick harass lol
(20:00 / Allies) SupaFly714: red ur the worst
(20:16 / Allies) SupaFly714: i cant stand u simon
(20:19 / Allies) SupaFly714: fuckin get some fiens
(20:24 / Allies) SupaFly714: frost cant do shit to drayds
(20:46 / Allies) SupaFly714: share gold dam it
(22:06 / Allies) SupaFly714: oj walk over now
(22:08 / Allies) SupaFly714: kill blue with us
(22:12 / Allies) HitIer: yep omw
(22:22 / All) NigNog: don't make me mass bats son
(22:43 / Allies) SupaFly714: red come u idiot
(22:52 / Allies) SupaFly714: who cares
(22:54 / Allies) SupaFly714: fuck red
(23:05 / All) HitIer: mass tp gg
(23:07 / All) HitIer: out
(23:08 / All) HitIer: leave
(23:13 / All) HitIer: I only lost 1 dhawk btw
(23:52 / Allies) SupaFly714: red plays like shit
(24:01 / Allies) HitIer: yeah
(24:03 / Allies) Simon129: my last 2 acos
(24:07 / Allies) Simon129: can't help it
(24:10 / Allies) Simon129: no gold after this
(25:35 / Allies) Simon129: coming
(26:03 / Allies) SupaFly714: make fiens red u noob
(27:12 / Allies) SupaFly714: stujpid red had 4k gold
(27:14 / Allies) SupaFly714: make stupid units
(27:17 / Allies) Simon129: wtf
(27:18 / All) NigNog: You're in big trouble now purple
(27:19 / Allies) Simon129: i have no gold
(27:41 / All) NigNog: You're dead purple
(28:00 / Allies) Simon129: oj
(28:03 / Allies) Simon129: can you gold?
(28:04 / All) NigNog: attack my base again purple
(28:05 / Allies) SupaFly714: simon u suck again
(28:08 / All) NigNog: I do not suffer fools gladly
(28:14 / Allies) Simon129: k
(28:33 / Allies) SupaFly714: smart get frost vs dryads
(28:44 / Allies) Simon129: you went hippo rider
(28:50 / Allies) Simon129: noob ne hippo riders
(28:53 / Allies) Simon129: not much better than me
(28:58 / Allies) SupaFly714: but i can kill air and ground
(29:07 / Allies) Simon129: my frost can too
(29:11 / Allies) Simon129: ugh
(29:12 / Allies) Simon129: anyways
(29:19 / Allies) Simon129: this was bad game
(29:22 / Allies) SupaFly714: r u stupid. frost cant kill drayds
(29:25 / Allies) Simon129: should have won D:
(29:46 / Allies) SupaFly714: tpo red
(29:48 / Allies) SupaFly714: u fcuk
(29:58 / All) HitIer: Was that worth your army, blue?
(29:59 / All) HitIer: You suck
(30:01 / All) HitIer: GG it's over leave
(30:17 / All) My3HerosPown: kol
(30:54 / Allies) SupaFly714: simon why do u suck so bad
(31:01 / Allies) Simon129: u2
(31:43 / All) SupaFly714: love it
(32:34 / All) maman: bye
(32:37 / All) HitIer: You can leave now
(32:39 / All) HitIer: it's over
(32:47 / All) My3HerosPown: lol
(32:49 / All) NigNog: Bleu is trying to bs me nwo lawl
(32:53 / All) HitIer: It will save you the butthurt if you leave now
(33:05 / All) maman: ok noob
(33:05 / All) My3HerosPown: i just killed yellows hero
(33:09 / All) My3HerosPown: for not shareing gold
(33:10 / All) My3HerosPown: lol
(33:13 / All) HitIer: This is US West, pink, you suck
(33:18 / All) maman: k
(35:23 / All) HitIer: I told you it was over
(35:25 / All) HitIer: You can leave now
(38:18 / All) HitIer: sup
(38:46 / All) HitIer: I am the Fuhrer. I am the Tzar. I am the Leader. I am the Dictator. You will bow before the Reich or die.
(39:04 / All) HitIer: Do you remember the Tzar? I am like the Tzar.
(39:08 / All) My3HerosPown: nice one yellow
(39:10 / All) My3HerosPown: well played
(39:14 / All) HitIer: Get the fuck out.
(39:21 / All) HitIer: Or you will be gassed, or hanged, or buried.
(39:24 / All) My3HerosPown: yellow is just like me
(39:26 / All) My3HerosPown: lol
(39:33 / All) My3HerosPown: but he outplayed me this one
(39:33 / All) HitIer: He will never be like you. He is not a faggot.
(39:41 / All) HitIer: You did nothing but whine and bitch all game.
(39:44 / All) HitIer: And think you're good.
(39:48 / All) My3HerosPown: i didnt whine
(39:48 / All) HitIer: You are a 30 APM shitclown.
(39:52 / All) My3HerosPown: i just tked him
(39:55 / All) My3HerosPown: lol
(40:00 / All) HitIer: And failed miserably, then got fucked up.
(40:09 / All) HitIer: He is the leader of the SS. He is the Himmler. He is the Schutzstaffel.
(40:19 / All) HitIer: You cannot defeat him by treachery, cunning, guile or decit.
(40:25 / All) My3HerosPown: lol
(40:27 / All) My3HerosPown: nice
(40:29 / All) HitIer: Because he is the master and inventor of cunning, guile and deceit.
(40:43 / All) My3HerosPown: well gg guys
(40:45 / All) My3HerosPown: im out
(40:47 / All) HitIer: GG get out.
(41:02 / All) HitIer: Hahahaha, look at this Jew trying to club my base.
(41:08 / All) HitIer: It's cute. Like an animal at a circus trying to escape.
(42:05 / All) HitIer: Kill yourself, you piece of shit.
(43:18 / All) NigNog: it's a good thing I made 7 beastiaries
(43:43 / All) HitIer: It's good to hoard and then insta-80 food
(43:48 / All) HitIer: or insta-100 food if necessary
(43:51 / All) NigNog: I went 100 food
(44:04 / All) NigNog: just max queed them
(44:27 / All) HitIer: Blue, I thought you were leaving?
(44:31 / All) HitIer: Get out. Kill yourself.
(45:54 / All) NigNog: You lose bro
(46:00 / All) HitIer: It's over man, game over.
(46:29 / All) HitIer: And now you, blue. Pedicabo et tu. Out.
(48:32 / All) HitIer: wtf. You can mass tp to shades? That is really overpowered
(48:45 / All) NigNog: yeah
(48:47 / All) NigNog: And frogs
(48:52 / All) NigNog: mechanical critters
(48:56 / All) HitIer: At least you can notice a mechanical critter
(48:58 / All) HitIer: Shades are invisible
(49:02 / All) NigNog: you can reveal shades
(49:12 / All) HitIer: yeah, but you wouldn't know where they are to use dust
(49:16 / All) NigNog: mechanical critter are easy to not notice at all
(49:23 / All) HitIer: only Hu and Ud could easily see a shade
(49:32 / All) NigNog: wards, human towers, etc
(49:42 / All) HitIer: How would orc know without maphack to dust?
(50:44 / All) NigNog: the thing with shade is, if you tp to it it reveals it
(50:53 / All) HitIer: I bet you are a Jew, a Black, and not an Aryan.
(51:01 / All) HitIer: Which team getst he loss?
(51:08 / All) NigNog: Purple IMO
(51:12 / All) HitIer: Alright
(51:14 / All) HitIer: My team it is